 Dungeon Crawl Stone Soup version 0.27.1-33-g824d729ab1 (webtiles) character file.

Game seed: 7493659535273900879

252 zeram the Ducker (level 5, -10/45 HPs)
             Began as a Troll Fire Elementalist on Dec 2, 2021.
             Killed from afar by Ijyb (15 damage)
             ... with an iceblast
             ... on level 3 of the Dungeon.
             The game lasted 00:04:43 (1930 turns).

zeram the Ducker (Troll Fire Elementalist)          Turns: 1930, Time: 00:04:44

Health: -10/45     AC:  6    Str: 16    XL:     5   Next: 89%
Magic:  0/6        EV: 11    Int: 12    God:
Gold:   90         SH:  0    Dex: 10    Spells: 5/6 levels left

rFire    . . .     SeeInvis .   f - +2 dagger (venom)
rCold    . . .     Faith    .   (no shield)
rNeg     . . .     Spirit   +   a - +0 robe
rPois    .         Reflect  .   i - +2 hat
rElec    .         Harm     .   (no cloak)
rCorr    .         Rampage  .   (gloves unavailable)
Will     .....                  (boots unavailable)
Stlth    +.........             e - amulet of guardian spirit
HPRegen  1.15/turn              (no ring)
MPRegen  0.10/turn              (no ring)

@: no status effects
A: large, unfitting armour, claws 3, regeneration 1, shaggy fur 1, tough skin 1
a: no special abilities


You were on level 3 of the Dungeon.
You visited 1 branch of the dungeon, and saw 3 of its levels.

You collected 90 gold pieces.

Inventory:

Hand Weapons
 f - a +2 dagger of venom (weapon)
 j - a +0 mace of protection
Armour
 a - a +0 robe (worn)
 i - a +2 hat (worn)
Jewellery
 e - an amulet of guardian spirit (around neck)
 k - a +4 ring of evasion
Scrolls
 g - 2 scrolls of identify {unknown}
 m - a scroll of silence {unknown}
Potions
 b - a potion of invisibility {unknown}
 c - a potion of lignification {unknown}
 d - 2 potions of haste
 h - 2 potions of curing {unknown}


   Skills:
 - Level 0.5 Maces & Flails
 + Level 5.0 Dodging
 - Level 1.0 Stealth
 - Level 0.4 Unarmed Combat
 - Level 1.3 Spellcasting
 - Level 0.6 Conjurations
 - Level 2.1 Fire Magic


You had 5 spell levels left.
You knew the following spells:

 Your Spells              Type           Power      Damage    Failure   Level
a - Foxfire               Conj/Fire      16%        2x1d4     17%         1

Your spell library contained the following spells:

 Spells                   Type           Power      Damage    Failure   Level
 Conjure Flame            Conj/Fire      4%         6-21      45%         3
 Inner Flame              Hex/Fire       3%         N/A       50%         3
 Sticky Flame             Conj/Fire      4%         2d3       86%         4
 Fireball                 Conj/Fire      2%         3d4       99%         5


Dungeon Overview and Level Annotations

Branches:
Dungeon (3/15)

Altars:
Sif Muna
Zin

Shops:
D:2 !

Annotations:
D:3 Ijyb


Innate Abilities, Weirdness & Mutations

You are too large for most types of armour.
You have claws for hands.
Your natural rate of healing is unusually fast.
You are covered in fur. (AC +1)
You have tough skin. (AC +1)


Message History

Ijyb the Twisted Goblin comes into view.
She is wielding a +0 club, wearing a +3 leather armour of cold resistance and carrying a wand of iceblast (8).
Ijyb is nearby!
Ijyb is nearby!
Ijyb is nearby!
A kobold comes into view. It is wielding a +0 club.
Ijyb shouts!
There is an open door here.
Ijyb zaps a wand.
The mass of ice explodes!
The iceblast engulfs you!
Ijyb zaps a wand.
The mass of ice explodes!
The iceblast engulfs you!
Casting: Foxfire (safe; 17% risk of failure)
Confirm with . or Enter, or press ? or * to list all spells.
You don't know that spell.
Casting: Foxfire (safe; 17% risk of failure)
Confirm with . or Enter, or press ? or * to list all spells.
You conjure some foxfire!
Ijyb zaps a wand.
The mass of ice explodes!
The iceblast engulfs you. The iceblast engulfs your foxfire!
The iceblast engulfs the kobold!
The kobold dies!
The iceblast engulfs your foxfire!
Casting: Foxfire (safe; 17% risk of failure)
Confirm with . or Enter, or press ? or * to list all spells.
You miscast Foxfire.
You are very lightly contaminated with residual magic.
Nothing appears to happen.
Ijyb screams, "Get away!"
You barely miss Ijyb. Ijyb hits you with a +0 club.
You hit Ijyb but do no damage. Ijyb hits you but does no damage.
You miss Ijyb. Ijyb hits you with a +0 club.
You closely miss Ijyb. Ijyb hits you with a +0 club.
* * * LOW HITPOINT WARNING * * *
Okay, then.
Blink to where?
Press: ? - help, Dir - move target
As you read the scroll of blinking, it crumbles to dust.
Ijyb zaps a wand.
The mass of ice explodes!
The iceblast engulfs you!
* * * LOW HITPOINT WARNING * * *
Your magical contamination has completely faded away.
Unknown command.
Ijyb zaps a wand.
The mass of ice explodes!
The iceblast engulfs you!
You die...

#.......).##############
#.......†.########
..........'......#
####......######.###
.........#.........#
#######.##.........# ##
#.##........># .....
#.##.........# #.....
#@##.......#######
#.....#### #.########.#
#... ........# #.# #.#
#.## #.......# #.# #.#
#.#. ##.#.....###.# ...
##.#. .........'.g.# .#.
#..#. ###....g##### #.
..#..#. #....)§...# #.
#....#. #.......#.# #.
#.##.##


You could see Ijyb.

Vanquished Creatures
  Sigmund (D:2)
  Jessica (D:3)
  2 adders
  4 dart slugs
  4 bats
  5 endoplasms
  2 giant cockroaches
  A goblin (D:1)
  7 hobgoblins
  4 jackals (D:3)
  2 kobolds
  4 quokkas
  3 ball pythons
  5 frilled lizards
  3 rats
48 creatures vanquished.

Vanquished Creatures (others)
  A kobold (D:3)
  26 foxfires
27 creatures vanquished.

Grand Total: 75 creatures vanquished

Notes
Turn   | Place    | Note
-------+----------+-------------------------------------------
     0 | D:1      | zeram the Troll Fire Elementalist began the quest for the
                  | Orb.
     0 | D:1      | Reached XP level 1. HP: 16/16 MP: 1/1
   103 | D:1      | Reached skill level 2 in Dodging
   103 | D:1      | Reached XP level 2. HP: 24/24 MP: 3/3
   296 | D:1      | Found a faded altar of an unknown god.
   485 | D:1      | Reached XP level 3. HP: 31/31 MP: 4/4
   911 | D:2      | Reached skill level 3 in Dodging
  1114 | D:2      | Found Punaka's Distillery.
  1154 | D:2      | Noticed Sigmund
  1182 | D:2      | Killed Sigmund
  1183 | D:2      | Reached skill level 4 in Dodging
  1183 | D:2      | Reached XP level 4. HP: 7/39 MP: 0/5
  1183 | D:2      | Reached XP level 5. HP: 8/45 MP: 0/6
  1753 | D:3      | Found a shimmering blue altar of Sif Muna.
  1831 | D:3      | Found a glowing silver altar of Zin.
  1854 | D:3      | Noticed Jessica
  1864 | D:3      | Killed Jessica
  1865 | D:3      | Reached skill level 5 in Dodging
  1914 | D:3      | Noticed Ijyb
  1926 | D:3      | HP: 1/45 [Ijyb/iceblast (14)]
  1930 | D:3      | Killed from afar by Ijyb

Illustrated notes

Levels and vault maps discovered:
D:1:      sevenhm_arrival_forest_fort_small_3, layout_basic,
          hellmonk_ecumenical_altar_arch_garden, minmay_misc_feat_tower
D:2:      layout_basic, serial_shops, nicolae_diamond_shop, uniq_sigmund
D:3:      layout_basic, amcnicky_altar_gilded, gammafunk_temple_overflow_claw,
          mainiacjoe_overflow_alcove_2, uniq_jessica, uniq_ijyb

Skill      XL: |  1  2  3  4  5 |
---------------+----------------+-----
Dodging        | 2 4 5 |  5.0
Maces & Flails | |  0.5
Stealth        | |  1.0
Unarmed Combat | |  0.4
Spellcasting   | |  1.3
Conjurations   | |  0.6
Fire Magic     | |  2.1

Action                   |  1- 3 |  4- 6 || total
-------------------------+-------+-------++-------
Melee: Unarmed           |    27 |       ||    27
       Club              |    75 |       ||    75
       Mace              |     6 |       ||     6
       Dagger            |    33 |    40 ||    73
       Punch             |     1 |       ||     1
 Cast: Foxfire           |     8 |     8 ||    16
  Use: Scroll            |     6 |     1 ||     7
       Potion            |     1 |       ||     1
 Stab: Sleeping          |     1 |     1 ||     2
Armor: Robe              |    60 |     8 ||    68
Dodge: Dodged            |    81 |    17 ||    98
